 Dungeon Crawl Stone Soup version 0.23-a0-473-gc8aadda (webtiles) character file.

39 theanonym the Skirmisher (level 3, 0/29 HPs)
             Began as a Mummy Warper on Nov 28, 2018.
             Slain by an adder (2 damage)
             ... on level 2 of the Dungeon.
             The game lasted 00:01:40 (1662 turns).

theanonym the Skirmisher (Mummy Warper)             Turns: 1662, Time: 00:01:40

Health: 0/29       AC:  5    Str: 15    XL:     3   Next: 28%
Magic:  7/7        EV:  8    Int: 12    God:
Gold:   46         SH:  0    Dex: 11    Spells: 7/7 levels left

rFire    x . .     SeeInvis .   a - +0 short sword
rCold    + . .     Gourm    .   (no shield)
rNeg     + + +     Faith    .   i - +0 ring mail
rPois    ∞         Spirit   .   (no helmet)
rElec    .         Reflect  .   (no cloak)
rCorr    .         Harm     .   (no gloves)
MR       .....                  (no boots)
Stlth    +.........             e - amulet of magic regeneration
HPRegen  0.09/turn              (no ring)
MPRegen  0.35/turn              (no ring)

@: very slightly contaminated, constricted
A: no food or potions, fire vulnerability, cold resistance 1, negative energy
resistance 3, torment resistance, unbreathing
a: no special abilities


Innate Abilities, Weirdness & Mutations

You do not eat or drink.
Your flesh is vulnerable to fire.
You are immune to poison.
Your flesh is cold resistant. (rC+)
You are immune to negative energy. (rN+++)
You are immune to unholy pain and torment.
You can survive without breathing.


   Skills:
 + Level 3.0 Fighting
 + Level 2.4 Short Blades
 - Level 0.7 Throwing
 - Level 0.7 Armour
 - Level 1.5 Dodging
 - Level 2.6 Spellcasting
   Level 2.4 Translocations


You had 7 spell levels left.
You didn't know any spells.
Your spell library contained the following spells:

 Spells                   Type           Power        Failure   Level  Hunger
 Blink                    Tloc           N/A          28%         2    N/A
 Shroud of Golubria       Chrm/Tloc      #.........   43%         2    N/A
 Gell's Gravitas          Tloc           #.........   50%         3    N/A
 Lesser Beckoning         Tloc           #.........   50%         3    N/A
 Teleport Other           Tloc           #.......     50%         3    N/A
 Passage of Golubria      Tloc           N/A          88%         4    N/A

Skill      XL: |  1  2  3 |
---------------+----------+-----
Short Blades   | 2 |  2.4
Fighting       | 3 |  3.0
Throwing       | |  0.7
Armour         | |  0.7
Dodging        | |  1.5
Spellcasting   | |  2.6
Translocations | |  2.4

Action                   || total
-------------------------++-------
Melee: Short sword       ||   120
  Use: Scroll            ||     2
 Stab: Sleeping          ||     1
Armor: Leather armour    ||    15
       Ring mail         ||    22
Dodge: Dodged            ||    76

Inventory:

Hand Weapons
 a - a +0 short sword (weapon)
Missiles
 c - 17 arrows
 f - 5 tomahawks of dispersal (quivered)
 h - 5 tomahawks
Armour
 b - a +0 leather armour
 i - a +0 ring mail (worn)
   (You found it on level 1 of the Dungeon)
Jewellery
 e - an amulet of magic regeneration (around neck)
   (You found it on level 1 of the Dungeon)
Scrolls
 n - a scroll of remove curse
 r - a scroll of identify


You were on level 2 of the Dungeon.
You were not hungry.

You visited 1 branch of the dungeon, and saw 3 of its levels.

You collected 46 gold pieces.

Dungeon Overview and Level Annotations

Branches:
Dungeon (3/15)

Altars:

... ... ## ......
..#. ### ... ..#
#.###.###.# ###
#.#..KS.#.#
....##.#..S@h#.## ..
..#.#.(....bl...#
...
.....#...h.#w.##....
...#.....#...[....
#.###.###...#...#
#............!..#
#.#........#.....
#...##h.##.......
#...).....## ##.....


You could see a worm, an adder, a leopard gecko, 2 jackals, a bat, a ball python
and a kobold.

Notes
Turn   | Place    | Note
-------+----------+-------------------------------------------
     0 | D:1      | theanonym the Mummy Warper began the quest for the Orb.
     0 | D:1      | Reached XP level 1. HP: 16/16 MP: 4/4
    13 | D:1      | HP: 8/16 [kobold/+0 short sword (2)]
    18 | D:1      | HP: 6/16 [kobold/+0 short sword (2)]
   233 | D:1      | Reached XP level 2. HP: 19/23 MP: 5/5
   247 | D:1      | HP: 11/23 [ooze (3)]
   248 | D:1      | Reached skill level 2 in Short Blades
   515 | D:1      | HP: 10/23 [leopard gecko (5)]
   873 | D:1      | Reached XP level 3. HP: 24/28 MP: 7/7
  1623 | D:2      | Reached skill level 3 in Fighting
  1640 | D:2      | HP: 9/29 [worm (9)]
  1645 | D:2      | HP: 7/29 [leopard gecko (1)]
  1661 | D:2      | HP: 6/29 [kobold/cursed -1 short sword (2)]
  1661 | D:2      | HP: 2/29 [kobold/cursed -1 short sword (4)]
  1662 | D:2      | Slain by an adder

Vanquished Creatures
  3 oozes (D:1)
  A leopard gecko (D:1)
  2 giant cockroaches
  5 goblins
  3 hobgoblins (D:1)
  3 jackals (D:1)
  2 kobolds (D:1)
  A frilled lizard (D:1)
  3 rats
23 creatures vanquished.

Table legend:
 A = Turns spent in this place as a percentage of turns spent in the entire game.
 B = Non-inter-level travel turns spent in this place as a percentage of non-inter-level travel turns spent in the entire game.
 C = Inter-level travel turns spent in this place as a percentage of turns spent in this place.
 D = Turns resting spent in this place as a percentage of non-inter-level travel turns spent in this place.
 E = Turns spent auto-exploring this place as a percentage of non-inter-level travel turns spent in this place.
 F = Non-inter-level travel turns spent in this place divided by the number of levels of this place that you've seen.
                   A       B       C       D       E      F
               +-------+-------+-------+-------+-------+----------------------
         Total | 100.0 | 100.0 |   2.6 |  35.5 |  50.1 | 539.3
       Dungeon | 100.0 | 100.0 |   2.6 |  35.5 |  50.1 | 539.3
               +-------+-------+-------+-------+-------+----------------------
